 Dungeon Crawl Stone Soup version 0.29-a0-995-g8a7feb118f (webtiles) character file.

Game seed: 16750853872607447990

42 ksawer the Trooper (level 3, -17/29 HPs)
             Began as a Human Fighter on Aug 4, 2022.
             Was an Initiate of Ashenzari.
             Killed by an exploding hobgoblin (46 damage)
             ... ignited by their inner flame
             ... on level 2 of the Dungeon.
             The game lasted 00:16:52 (1305 turns).

ksawer the Trooper (Human Fighter)                  Turns: 1305, Time: 00:16:57

Health: -17/29     AC:  6    Str: 18    XL:     3   Next: 77%
Magic:  3/3        EV:  9    Int:  8    God:    Ashenzari [......]
Gold:   30         SH:  4    Dex: 12    Spells: 2/2 levels left

rFire   . . .      SeeInvis .   a - +0 long sword of Supernal Understanding {Range, Melee} (curse)
rCold   . . .      Faith    .   c - +0 buckler
rNeg    . . .      Spirit   .   b - +0 scale mail
rPois   .          Reflect  .   (no helmet)
rElec   .          Harm     .   (no cloak)
rCorr   .          Rampage  .   (no gloves)
Will    .....                   (no boots)
Stlth   ..........              (no amulet)
HPRegen 0.09/turn               (no ring)
MPRegen 0.08/turn               (no ring)

@: no status effects
A: no striking features
a: Renounce Religion, Shatter the Chains


You were on level 2 of the Dungeon.
You worshipped Ashenzari.
Ashenzari was noncommittal.
You visited 1 branch of the dungeon, and saw 2 of its levels.

You collected 30 gold pieces.

Inventory:

Hand Weapons
 a - the cursed +0 long sword of Supernal Understanding (weapon) {Range, Melee}

   It has a curse which improves the following skills: Ranged Combat: Ranged
   Weapons and Throwing.
   Melee Combat: Short Blades, Long Blades, Axes, Maces & Flails, Polearms,
   Staves and Unarmed Combat.
Missiles
 e - 2 poisoned darts (quivered)
 h - 5 stones
Armour
 b - a +0 scale mail (worn)
 c - a +0 buckler (worn)
Scrolls
 k - 2 scrolls of magic mapping
 l - a scroll of amnesia
Potions
 i - a potion of flight
 j - a potion of invisibility
 n - a potion of haste {unknown}


   Skills:
 + Level 3.4 Fighting
 + Level 2.5(2.9) Long Blades
 + Level 3.3 Armour
 + Level 0.2 Dodging
 + Level 3.3 Shields


You had 2 spell levels left.
You didn't know any spells.
Your spell library contained the following spells:

 Spells                   Type           Power      Damage    Failure   Level
 Summon Small Mammal      Summ           0%         N/A       87%         1
 Call Canine Familiar     Summ           0%         N/A       99%         3
 Summon Guardian Golem    Hex/Summ       0%         N/A       99%         3


Dungeon Overview and Level Annotations

Branches:
Dungeon (2/15)

Altars:
Ashenzari


Message History

The adder bites you but does no damage.
You barely miss the adder.
The adder is heavily wounded.
You block the adder's attack. The adder barely misses you.
You hit the adder.
You kill the adder!
You start resting.
HP restored.
Found a scroll labelled JAICYRGH OFOYMU.
d - a scroll labelled JAICYRGH OFOYMU
Okay, then.
A hobgoblin comes into view.
The hobgoblin shouts!
You hear a shout!
You completely miss the hobgoblin. The hobgoblin closely misses you.
You hit the hobgoblin.
The hobgoblin is almost dead.
The hobgoblin hits you but does no damage.
You barely miss the hobgoblin.
The hobgoblin is almost dead.
The hobgoblin hits you but does no damage.
The hobgoblin barely misses you.
You slash the hobgoblin!
You kill the hobgoblin!
A hobgoblin comes into view.
Found a stone staircase leading down.
The hobgoblin shouts!
A hobgoblin comes into view.
The hobgoblin shouts!
As you read the scroll labelled JAICYRGH OFOYMU, it crumbles to dust.
The creatures around you are filled with an inner flame!
It was a scroll of immolation.
You barely miss the hobgoblin.
The hobgoblin hits you but does no damage.
You hit the hobgoblin.
Flame seeps out of the hobgoblin.
The hobgoblin is lightly wounded.
The hobgoblin is engulfed in blazing flames.
The hobgoblin explodes!
The fiery explosion engulfs you!!!
Ouch! That really hurt!
You die...

..## . ..8### ..
.....# ... >....
.... ..8#
.....####g.
.......§○######.#
#....@§§......##
#########.###..#
##########.## #.#
#...........###.##
####.####.#..##..#
#.# #......#.##
#.# ##..###.#÷.##
#.# #...# #.....##
#.###.### ###....#


You could see a hobgoblin (inner flame).

Vanquished Creatures
  An adder (D:2)
  3 dart slugs (D:1)
  A bat (D:1)
  5 endoplasms (D:1)
  A giant cockroach (D:1)
  2 goblins (D:1)
  2 hobgoblins (D:2)
  A kobold (D:1)
  2 quokkas (D:1)
  4 ball pythons (D:1)
  3 rats (D:1)
25 creatures vanquished.

Vanquished Creatures (others)
  4 fungi (D:1)
  4 plants (D:1)
8 creatures vanquished.

Grand Total: 33 creatures vanquished

Notes
Turn   | Place    | Note
-------+----------+-------------------------------------------
     0 | D:1      | ksawer the Human Fighter began the quest for the Orb.
     0 | D:1      | Reached XP level 1. HP: 18/18 MP: 1/1
   320 | D:1      | Reached XP level 2. HP: 24/24 MP: 2/2
   455 | D:1      | Reached XP level 3. HP: 20/29 MP: 3/3
   800 | D:1      | Found a faded altar of an unknown god.
   854 | D:1      | Prayed at the altar of an unknown god.
   854 | D:1      | Became a worshipper of Ashenzari the Shackled
  1305 | D:2      | Killed by an exploding hobgoblin... ignited by their inner
                  | flame

Illustrated notes

Levels and vault maps discovered:
D:1:      lemuel_arrival_behind_the_door_small, layout_basic,
          dreamdust_ecumenical_altar_hidden_monk_grotto, minmay_box_of_dots
D:2:      layout_basic, st_stairs_6, minmay_quantized

Action                   || total
-------------------------++-------
Melee: Long sword        ||   101
Invok: Curse Item        ||     1
  Use: Potion            ||     1
       Scroll            ||     6
Armor: Scale mail        ||    24
Dodge: Dodged            ||    31
Block: Buckler           ||    12

Table legend: (Time is in decaauts)
 A = Elapsed time spent in this place.
 B = Non-inter-level travel time spent in this place.
 C = Inter-level travel time spent in this place.
 D = Time resting spent in this place.
 E = Time spent auto-exploring this place.
 F = Levels seen in this place.
 G = Mean time per level.
                   A        B        C        D        E       F      G
               +--------+--------+--------+--------+--------+-----+--------+
         Total |   1342 |   1212 |    130 |    241 |    252 |   2 |  671.0 |
       Dungeon |   1342 |   1212 |    130 |    241 |    252 |   2 |  671.0 |
               +--------+--------+--------+--------+--------+-----+--------+

Top non-repeatable levels by time:
     D:1: 954 daAuts
     D:2: 388 daAuts
